 Dungeon Crawl Stone Soup version 0.28-a0-580-ga2639ab843 (webtiles) character file.

Game seed: 1694393340145945208

200 timneilson the Covered (level 5, 0/33 HPs)
             Began as a Gargoyle Fighter on Oct 2, 2021.
             Killed from afar by an orc wizard (12 damage)
             ... with a puff of flame
             ... on level 4 of the Dungeon.
             The game lasted 00:05:09 (3813 turns).

timneilson the Covered (Gargoyle Fighter)           Turns: 3813, Time: 00:05:09

Health: 0/33       AC: 14    Str: 20    XL:     5   Next: 78%
Magic:  5/5        EV: 10    Int:  9    God:
Gold:   98         SH:  4    Dex:  9    Spells: 4/4 levels left

rFire   . . .      SeeInvis .   a - +0 long sword
rCold   . . .      Faith    .   c - +0 buckler
rNeg    + . .      Spirit   .   b - +0 scale mail
rPois   ∞          Reflect  .   (no helmet)
rElec   +          Harm     .   (no cloak)
rCorr   .          Rampage  .   e - +2 pair of gloves
Will    .....                   (no boots)
Stlth   ..........              (no amulet)
HPRegen 0.11/turn               (no ring)
MPRegen 0.09/turn               (no ring)

@: no status effects
A: sickness immunity, AC +4, negative energy resistance 1, electricity
resistance, torment resistance 1, petrification resistance
a: no special abilities


You were on level 4 of the Dungeon.
You visited 1 branch of the dungeon, and saw 4 of its levels.

You collected 98 gold pieces.

Inventory:

Hand Weapons
 a - a +0 long sword (weapon)
Armour
 b - a +0 scale mail (worn)
 c - a +0 buckler (worn)
 e - a +2 pair of gloves (worn)
 f - a +0 plate armour
Scrolls
 g - 5 scrolls of teleportation
 j - a scroll of amnesia
Potions
 d - 2 potions of might
 h - a potion of haste
 i - a potion of cancellation {unknown}


   Skills:
 + Level 3.9 Fighting
 * Level 3.0 Long Blades
 * Level 4.5 Armour
 + Level 1.1 Dodging
 * Level 4.3 Shields


You had 4 spell levels left.
You didn't know any spells.
Your spell library contained the following spells:

 Spells                   Type           Power      Damage    Failure   Level
 Corpse Rot               Necr/Air       N/A        N/A       86%         2
 Slow                     Hex            0%         N/A       86%         2
 Confusing Touch          Hex            0%         N/A       97%         3
 Vampiric Draining        Necr           0%         2d6       97%         3
 Dispel Undead            Necr           0%         3d6       100%        4
 Death Channel            Necr           0%         N/A       100%        6


Dungeon Overview and Level Annotations

Branches:
Dungeon (4/15)
 Temple: D:4-7

Altars:
Ashenzari
Elyvilon

Shops:
D:2 =


Innate Abilities, Weirdness & Mutations

You are immune to sickness and miasma.
Your stone body is resilient. (AC +4)
You are immune to poison.
You resist negative energy. (rN+)
You are resistant to electric shocks. (rElec)
You are resistant to unholy torment.
You are immune to petrification.


Message History

The orc closely misses you.
You slash the orc!
You kill the orc!
Found an embroidered robe.
The orc hits you but does no damage. The orc hits you but does no damage.
You barely miss something. Something hits you but does no damage.
You block something's attack.
You barely miss something. The orc barely misses you.
You hear some strange, mumbled words.
A magic dart appears from out of thin air!
The magic dart hits you.
You miss something. The orc closely misses you.
You hear some strange, mumbled words.
You are confused.
The orc hits you but does no damage.
You barely miss something. Something hits you but does no damage.
You hear some strange, mumbled words.
A puff of flame appears from out of thin air!
The puff of flame hits you. The orc hits you with a +0 flail.
You slash something! Something hits you but does no damage.
The orc hits you with a +0 flail.
You hear some strange, mumbled words.
A puff of flame appears from out of thin air!
The puff of flame misses you.
You bump into the rock wall.
The orc barely misses you. Something hits you but does no damage.
You bump into the rock wall.
You hear some strange, mumbled words.
A magic dart appears from out of thin air!
The magic dart hits you! The orc hits you but does no damage.
You completely miss something. The orc hits you but does no damage.
Something hits you but does no damage. x2
You bump into the rock wall.
You feel less confused. The orc hits you with a +0 flail.
Something hits you but does no damage.
You closely miss something. You block the orc's attack.
You hear some strange, mumbled words.
A puff of flame appears from out of thin air!
The puff of flame hits you!
You die...

.....####......# .....#
#......##... .....#
#...........
.....######...###... #.
###.###.....####.... ...
###.##...........# ....
..............#####.....
..............###....8.8
###...........#{@.# .#
#.......).oo### #.#
#.........###
#.#.##.......##
....#.........
..............
..............
.........=.....
........[....


You could see 2 orcs.

Vanquished Creatures
  A hound (D:4)
  An orc wizard (D:2)
  4 adders
  4 gnolls
  A worm (D:3)
  A dart slug (D:4)
  6 orcs
  2 ball pythons
  6 bats
  6 endoplasms
  3 giant cockroaches
  5 goblins
  3 hobgoblins
  A jackal (D:3)
  5 kobolds
  3 quokkas
  9 frilled lizards
  4 rats
65 creatures vanquished.

Notes
Turn   | Place    | Note
-------+----------+-------------------------------------------
     0 | D:1      | timneilson the Gargoyle Fighter began the quest for the
                  | Orb.
     0 | D:1      | Reached XP level 1. HP: 14/14 MP: 1/1
   276 | D:1      | Reached XP level 2. HP: 19/19 MP: 2/2
  1112 | D:1      | Reached XP level 3. HP: 23/23 MP: 3/3
  1414 | D:2      | Reached XP level 4. HP: 8/28 MP: 4/4
  1663 | D:2      | Found a broken altar of Ashenzari.
  1846 | D:2      | Found a faded altar of an unknown god.
  1911 | D:2      | Found Loxaigh's Jewellery Emporium.
  2540 | D:3      | Reached skill level 1 in Dodging
  2850 | D:2      | Reached XP level 5. HP: 27/33 MP: 5/5
  3013 | D:3      | Found a white marble altar of Elyvilon.
  3813 | D:4      | Killed from afar by an orc wizard

Illustrated notes

Levels and vault maps discovered:
D:1:      dpeg_arrival_refuge, layout_basic, minmay_split_cup_large
D:2:      layout_rooms, serial_shops, shop,
          hellmonk_ecumenical_altar_prayer_group, basic_altar, kennysheep_nub,
          minmay_tromino_v4_c
D:3:      layout_basic, elyvilon_altar_3, st_stairs_9, serial_bayou_pond_d,
          minmay_checkerbox
D:4:      layout_rooms, nicolae_overflow_hidden_temple,
          eat_drink_and_be_merry_uskayaw

Skill      XL: |  1  2  3  4  5 |
---------------+----------------+-----
Long Blades    | 2 3 |  3.0
Armour         | 4 |  4.5
Shields        | 4 |  4.3
Dodging        | 1 |  1.1
Fighting       | |  3.9

Action                   |  1- 3 |  4- 6 || total
-------------------------+-------+-------++-------
Melee: Long sword        |    72 |   195 ||   267
  Use: Scroll            |     3 |     5 ||     8
       Potion            |       |     2 ||     2
Armor: Scale mail        |    36 |   141 ||   177
Dodge: Dodged            |    27 |   108 ||   135
Block: Buckler           |    14 |    41 ||    55

Table legend: (Time is in decaauts)
 A = Elapsed time spent in this place.
 B = Non-inter-level travel time spent in this place.
 C = Inter-level travel time spent in this place.
 D = Time resting spent in this place.
 E = Time spent auto-exploring this place.
 F = Levels seen in this place.
 G = Mean time per level.
                   A        B        C        D        E       F      G
               +--------+--------+--------+--------+--------+-----+--------+
         Total |   3895 |   3714 |    181 |    689 |   2347 |   4 |  973.8 |
       Dungeon |   3895 |   3714 |    181 |    689 |   2347 |   4 |  973.8 |
               +--------+--------+--------+--------+--------+-----+--------+

Top non-repeatable levels by time:
     D:1: 1617 daAuts
     D:3: 1187 daAuts
     D:2: 1003 daAuts
     D:4: 87 daAuts
